 Dungeon Crawl Stone Soup version 0.19.1-1-g22dce08 (webtiles) character file.

145 Jerry the Covered (level 5, -9/41 HPs)
             Began as a Mummy Fighter on Jan 10, 2017.
             Mangled by an ogre
             ... wielding a +0 giant spiked club
              (11 damage)
             ... on level 3 of the Dungeon.
             The game lasted 00:02:38 (2007 turns).

Jerry the Covered (Mummy Fighter)                   Turns: 2007, Time: 00:02:39

Health: -9/41      AC:  6    Str: 19    XL:     5   Next: 6%
Magic:  5/5        EV: 10    Int:  7    God:
Gold:   83         SH:  0    Dex: 13    Spells: 0 memorised, 4 levels left

rFire  x . .     SeeInvis .     a - +0 long sword
rCold  + . .     Gourm    .     b - +0 scale mail
rNeg   + + +     Faith    .     (no shield)
rPois  ∞         Spirit   .     (no helmet)
rElec  .         Reflect  .     (no cloak)
rCorr  .         Harm     .     (no gloves)
MR     .....                    (no boots)
Stlth  ..........               (no amulet)
                                (no ring)
                                (no ring)

@: no status effects
A: no food or potions, fire vulnerability, cold resistance 1, negative energy
resistance 3, torment resistance, unbreathing
a: no special abilities


You were on level 3 of the Dungeon.
You were not hungry.

You visited 1 branch of the dungeon, and saw 4 of its levels.

You collected 83 gold pieces.

Inventory:

Hand Weapons
 a - a +0 long sword (weapon)
Armour
 b - a +0 scale mail (worn)
 c - a +0 shield
Jewellery
 i - an uncursed ring of protection from magic {unknown}
Scrolls
 d - 7 scrolls of identify {unknown}
 e - 3 scrolls of remove curse {unknown}
 f - a scroll of blinking {unknown}
 g - a scroll of noise {unknown}
 h - a scroll of immolation {unknown}


   Skills:
 - Level 3.0 Fighting
 + Level 2.8 Long Blades
 + Level 3.4 Armour
 + Level 2.0 Dodging
 - Level 2.4 Shields


You had 4 spell levels left.
You didn't know any spells.

Dungeon Overview and Level Annotations

Branches:
Dungeon (4/15)
 Temple: D:4-7

Altars:
Ashenzari
Makhleb

Annotations:
D:3 Sigmund


Innate Abilities, Weirdness & Mutations

You do not eat or drink.
Your flesh is vulnerable to fire.
You are immune to poison.
Your flesh is cold resistant. (rC+)
You are immune to negative energy. (rN+++)
You are immune to unholy pain and torment.
You can survive without breathing.


Message History

There is a stone staircase leading down here.
You can't go up here!
You climb downwards.
An ogre comes into view. It is wielding a giant spiked club.
Found a beef jerky, 24 stones, a robe and a bread ration.
There is a stone staircase leading up here.
You barely miss the ogre.
The ogre hits you with a giant spiked club!
You slash the ogre!
The ogre is heavily wounded.
The ogre hits you with a giant spiked club!!
Ouch! That really hurt!
* * * LOW HITPOINT WARNING * * *
You are too injured to fight recklessly!
You are too injured to fight recklessly!
You climb upwards.
Level annotation: Sigmund
There is a stone staircase leading down here.
The ogre hits you with a giant spiked club!
You die...

# ..##.#### ...
..@.....# ..
#.##.# .#
#@##.# . .#
#.##.# ##.# #
#.##.# ##.#
#.##.##@# ...#
#...@gO># ...#
####.#### ##.#
########.#
##.###........#
....##.########
##.....#
...##### ####


You could see Sigmund, an ogre and a hobgoblin.

Vanquished Creatures
  An orc priest (D:3)
  A hound (D:2)
  An orc wizard (D:3)
  An adder (D:3)
  2 worms (D:2)
  A dart slug (D:2)
  A leopard gecko (D:2)
  2 orcs (D:3)
  6 bats
  2 giant cockroaches
  2 goblins
  3 hobgoblins
  3 jackals (D:2)
  A kobold (D:2)
  2 quokkas
  A ball python (D:1)
  3 frilled lizards
  6 rats
39 creatures vanquished.

Notes
Turn   | Place    | Note
-------+----------+-------------------------------------------
     0 | D:1      | Jerry the Mummy Fighter began the quest for the Orb.
     0 | D:1      | Reached XP level 1. HP: 18/18 MP: 1/1
    45 | D:1      | Found a shattered altar of Ashenzari.
   318 | D:1      | Reached XP level 2. HP: 14/24 MP: 2/2
   796 | D:2      | Reached skill level 1 in Dodging
  1096 | D:2      | Reached XP level 3. HP: 29/29 MP: 3/3
  1276 | D:2      | Found a burning altar of Makhleb.
  1283 | D:2      | Reached XP level 4. HP: 29/35 MP: 4/4
  1966 | D:3      | Reached XP level 5. HP: 41/41 MP: 5/5
  1992 | D:3      | Noticed Sigmund
  2002 | D:4      | Noticed an ogre
  2004 | D:4      | HP: 2/41 [ogre/giant spiked club (28)]
  2007 | D:3      | Mangled by an ogre

Skill      XL: |  1  2  3  4 |
---------------+-------------+-----
Long Blades    | 2 |  2.8
Dodging        | 1 2 |  2.0
Armour         | 3 |  3.4
Fighting       | |  3.0
Shields        | |  2.4

Action                   |  1- 3 |  4- 6 || total
-------------------------+-------+-------++-------
Melee: Long sword        |    89 |    28 ||   117
Armor: Scale mail        |    54 |     8 ||    62
Dodge: Dodged            |    52 |    20 ||    72
       Rpst.: Long sword |    16 |     8 ||    24
